Map: Kairos Junction LE

Players

hibiki - Winner!

  • Race: Zerg Zerg
  • Spawn Location: 11:00

susanoo

  • Race: Zerg Zerg
  • Spawn Location: 5:00

VOD

Have the link to the VOD?

Description

Time

  • Played on: May 16, 2019, 7:22 a.m.
  • Length: 3:45
Show
View Real Time Build Order
Export as new Build Order

hibiki Zerg - Winner!

Build Orders: Pool First 

Get SALT Encoding   

  12  0:00  Drone  
  13  0:12  Overlord  
  13  0:17  Drone  
  14  0:30  Drone x2  
  14  0:34  Drone  
  17  0:46  Extractor  
  17  0:47  Spawning Pool  
  15  0:50  Drone  
  15  0:56  Drone  
  17  1:16  Hatchery  
  16  1:20  Drone  
  16  1:23  Drone  
  18  1:35  Zergling x2  
  18  1:38  Zergling x2  
  20  1:46  Queen  
  22  1:49  Metabolic Boost  
  22  1:57  Overlord  
  22  2:15  Zergling x4  
  24  2:28  Baneling Nest  
  24  2:29  Queen  
  25  2:32  Zergling x6  
  28  2:46  Zergling x2  
  28  2:47  Zergling x2  
  29  3:00  Zergling x2  
  29  3:01  Zergling x2  
  29  3:02  Overlord  
  29  3:03  Zergling x6  
  34  3:11  Baneling x4  
  34  3:13  Baneling  
  34  3:16  Zergling x2  
Show
View Real Time Build Order
Export as new Build Order

susanoo Zerg 

Build Orders: Pool First 

Get SALT Encoding   

  12  0:01  Drone  
  13  0:11  Drone  
  14  0:16  Overlord  
  14  0:35  Drone x2  
  16  0:39  Drone  
  17  0:49  Extractor, Drone  
  17  0:55  Spawning Pool  
  16  1:20  Drone  
  16  1:22  Hatchery  
  16  1:42  Zergling x2  
  16  1:43  Zergling x2  
  16  1:44  Zergling x2  
  19  1:49  Metabolic Boost  
  19  2:28  Zergling x2  
  19  2:29  Drone x2  
  22  2:33  Queen  
  23  2:49  Drone  
  23  2:50  Drone  
  23  2:51  Drone  
  24  2:53  Queen  
  26  3:04  Extractor  
  25  3:10  Baneling Nest  
  24  3:23  Drone  
  24  3:24  Drone  
  24  3:26  Zergling x2  
  27  3:27  Zergling x2  
Tags
 
Add a new tag
Caveats
  • Supply blocks, unpowered buildings, or Contaminate may cause inaccurate times.
  • Supply counts are checked every 10 seconds.